 Dungeon Crawl Stone Soup version 0.23-a0-512-g50a8178 (webtiles) character file.

35 theanonym the Skirmisher (level 3, -5/28 HPs)
             Began as a Mummy Warper on Dec 4, 2018.
             Slain by Natasha (6 damage)
             ... on level 2 of the Dungeon.
             The game lasted 00:01:14 (1289 turns).

theanonym the Skirmisher (Mummy Warper)             Turns: 1289, Time: 00:01:15

Health: -5/28      AC:  6    Str: 15    XL:     3   Next: 17%
Magic:  7/7        EV: 11    Int: 12    God:
Gold:   16         SH:  0    Dex: 11    Spells: 7/7 levels left

rFire    x . .     SeeInvis .   a - +0 mace
rCold    + . .     Gourm    .   (no shield)
rNeg     + + +     Faith    .   i - +0 ring mail
rPois    ∞         Spirit   .   (no helmet)
rElec    .         Reflect  .   g - +0 cloak
rCorr    .         Harm     .   (no gloves)
MR       .....                  (no boots)
Stlth    +.........             (no amulet)
HPRegen  0.09/turn              (no ring)
MPRegen  0.10/turn              (no ring)

@: slowed, very slow
A: no food or potions, fire vulnerability, cold resistance 1, negative energy
resistance 3, torment resistance, unbreathing
a: no special abilities


Innate Abilities, Weirdness & Mutations

You do not eat or drink.
Your flesh is vulnerable to fire.
You are immune to poison.
Your flesh is cold resistant. (rC+)
You are immune to negative energy. (rN+++)
You are immune to unholy pain and torment.
You can survive without breathing.


   Skills:
 + Level 2.9 Fighting
 + Level 2.3 Maces & Flails
 - Level 0.7 Throwing
 - Level 0.7 Armour
 - Level 1.5 Dodging
 - Level 2.6 Spellcasting
   Level 2.4 Translocations


You had 7 spell levels left.
You didn't know any spells.
Your spell library contained the following spells:

 Spells                   Type           Power        Failure   Level  Hunger
 Blink                    Tloc           N/A          28%         2    N/A
 Shroud of Golubria       Chrm/Tloc      #.........   43%         2    N/A
 Gell's Gravitas          Tloc           #.........   50%         3    N/A
 Lesser Beckoning         Tloc           #.........   50%         3    N/A
 Teleport Other           Tloc           #.......     50%         3    N/A
 Passage of Golubria      Tloc           N/A          88%         4    N/A

Skill      XL: |  1 |
---------------+----+-----
Maces & Flails | 2 |  2.3
Fighting       | |  2.9
Throwing       | |  0.7
Armour         | |  0.7
Dodging        | |  1.5
Spellcasting   | |  2.6
Translocations | |  2.4

Action                   || total
-------------------------++-------
Melee: Mace              ||   114
Armor: Leather armour    ||    35
       Ring mail         ||    14
Dodge: Dodged            ||    95

Inventory:

Hand Weapons
 a - a +0 mace (weapon)
Missiles
 e - 5 tomahawks of dispersal (quivered)
Armour
 b - a +0 leather armour
 g - a +0 cloak (worn)
   (You found it on level 1 of the Dungeon)
 i - a +0 ring mail (worn)
   (You found it on level 1 of the Dungeon)
Scrolls
 c - a scroll of amnesia {unknown}
 d - a scroll of immolation {unknown}
 f - a scroll of fog {unknown}
 h - a scroll of identify {unknown}
 B - a scroll of blinking


You were on level 2 of the Dungeon.
You were not hungry.

You visited 1 branch of the dungeon, and saw 2 of its levels.

You collected 16 gold pieces.

Dungeon Overview and Level Annotations

Branches:
Dungeon (2/15)

Altars:

Annotations:
D:2 Natasha

####
####=..####
#..........
### #.^...#
##.###..#.##
#.)....[#h..
##.####.##.[.#
#h# #..#..g%#
#@# ##..[##.#
#######.# .###
... #.......#
.. ..
#.####### ###
#.# #.# #.#
#.# #.#


You could see Natasha.

Notes
Turn   | Place    | Note
-------+----------+-------------------------------------------
     0 | D:1      | theanonym the Mummy Warper began the quest for the Orb.
     0 | D:1      | Reached XP level 1. HP: 16/16 MP: 4/4
     0 | D:1      | You fall through a shaft!
    19 | D:2      | HP: 7/16 [hobgoblin/+0 club (3)]
    24 | D:2      | HP: 4/16 [leopard gecko (2)]
   270 | D:2      | HP: 8/16 [kobold/+0 dagger (2)]
   275 | D:2      | Reached skill level 2 in Maces & Flails
   275 | D:2      | Reached XP level 2. HP: 11/23 MP: 5/5
   468 | D:1      | HP: 11/23 [kobold/+0 dagger (1)]
   473 | D:1      | HP: 7/23 [jackal (1)]
  1075 | D:1      | Reached XP level 3. HP: 28/28 MP: 7/7
  1260 | D:2      | Noticed Natasha
  1282 | D:2      | HP: 12/28 [Natasha (7)]
  1283 | D:2      | HP: 1/28 [Natasha (8)]
  1289 | D:2      | HP: 1/28 [Natasha (1)]
  1289 | D:2      | Slain by Natasha

Vanquished Creatures
  A leopard gecko (D:2)
  An orc (D:2)
  5 giant cockroaches
  2 goblins (D:1)
  2 hobgoblins
  3 jackals (D:1)
  4 kobolds
  4 bats
  A frilled lizard (D:1)
  7 rats
30 creatures vanquished.

Table legend:
 A = Turns spent in this place as a percentage of turns spent in the entire game.
 B = Non-inter-level travel turns spent in this place as a percentage of non-inter-level travel turns spent in the entire game.
 C = Inter-level travel turns spent in this place as a percentage of turns spent in this place.
 D = Turns resting spent in this place as a percentage of non-inter-level travel turns spent in this place.
 E = Turns spent auto-exploring this place as a percentage of non-inter-level travel turns spent in this place.
 F = Non-inter-level travel turns spent in this place divided by the number of levels of this place that you've seen.
                   A       B       C       D       E      F
               +-------+-------+-------+-------+-------+----------------------
         Total | 100.0 | 100.0 |   1.4 |  47.9 |  35.2 | 635.5
       Dungeon | 100.0 | 100.0 |   1.4 |  47.9 |  35.2 | 635.5
               +-------+-------+-------+-------+-------+----------------------
